 Dungeon Crawl Stone Soup version 0.27.1-3-gb3d3a73c9e (webtiles) character file.

Game seed: 4321171064628440093

453 omarspendo the Chopper (level 7, -12/58 (60) HPs)
             Began as a Hill Orc Fighter on Oct 21, 2021.
             Mangled by an ogre (14 damage)
             ... on level 3 of the Dungeon.
             The game lasted 00:12:45 (5591 turns).

omarspendo the Chopper (Hill Orc Fighter)           Turns: 5591, Time: 00:12:45

HP:   -12/58 (60)   AC: 15    Str: 25    XL:     7   Next: 5%
MP:   7/7           EV:  5    Int:  8    God:
Gold: 184           SH: 10    Dex: 12    Spells: 6/6 levels left

rFire    . . .     SeeInvis .   d - +2 flail (drain)
rCold    . . .     Faith    .   c - +0 kite shield
rNeg     . . .     Spirit   .   j - +0 plate armour
rPois    .         Reflect  .   (no helmet)
rElec    .         Harm     .   (no cloak)
rCorr    .         Rampage  .   t - +2 pair of gloves
Will     .....                  (no boots)
Stlth    ..........             (no amulet)
HPRegen  0.19/turn              p - +6 ring of strength
MPRegen  0.10/turn              (no ring)

@: lightly drained
A: no striking features
a: no special abilities


You were on level 3 of the Dungeon.
You visited 1 branch of the dungeon, and saw 4 of its levels.

You collected 184 gold pieces.

Inventory:

Hand Weapons
 a - a +0 war axe
 d - a +2 flail of draining (weapon)
 r - a +0 falchion
Missiles
 i - 60 stones (quivered)
 m - 38 arrows
 w - 8 boomerangs
 x - 2 throwing nets
Armour
 c - a +0 kite shield (worn)
 j - a +0 plate armour (worn)
 t - a +2 pair of gloves (worn)
Jewellery
 p - a +6 ring of strength (left hand)
Scrolls
 k - 3 scrolls of identify
 l - a scroll of enchant armour {unknown}
 n - a scroll of amnesia {unknown}
 o - a scroll of magic mapping {unknown}
 s - a scroll of fog
Potions
 e - a potion of brilliance
 f - a potion of haste {unknown}
 g - a potion of resistance {unknown}
 h - a potion of magic {unknown}
 q - a potion of attraction {unknown}
 u - a potion of invisibility {unknown}
 v - 2 potions of curing {unknown}


   Skills:
 + Level 4.7 Fighting
 + Level 5.9 Axes
 + Level 0.1(3.0) Maces & Flails
 + Level 5.0 Armour
 + Level 0.3 Dodging
 + Level 0.1 Stealth
 + Level 5.1 Shields


You had 6 spell levels left.
You didn't know any spells.
Your spell library contained the following spells:

 Spells                   Type           Power      Damage    Failure   Level
 Animate Skeleton         Necr           0%         N/A       100%        1
 Pain                     Necr           0%         1d4       100%        1
 Vampiric Draining        Necr           0%         2d6       100%        3
 Animate Dead             Necr           0%         N/A       100%        4
 Haunt                    Necr/Summ      0%         N/A       100%        7
 Infestation              Necr           0%         N/A       100%        8


Dungeon Overview and Level Annotations

Branches:
Dungeon (4/15)
 Temple: D:4-7

Altars:
Vehumet
Xom


Message History

You hit the ogre.
The ogre is almost dead.
The ogre hits you with a +0 giant club!!
* * * LOW HITPOINT WARNING * * *
You see here a +0 scale mail.
There is a stone staircase leading up here.
You climb upwards.
There is a stone staircase leading down here.
You start resting.
HP restored.
You start waiting.
Done waiting.
You climb downwards.
The ogre hits you with a +0 giant club! You block the ogre's attack.
The gnoll hits you but does no damage.
There is a stone staircase leading up, spattered with blood here.
You hit the gnoll but do no damage. You drain the gnoll.
The gnoll is lightly wounded.
You block the gnoll's attack. The ogre hits you with a +0 giant club!
You hit the gnoll.
The gnoll is moderately wounded.
The gnoll barely misses you. The ogre hits you with a +0 giant club!
You thump the gnoll!
You kill the gnoll!
You block the ogre's attack. The gnoll hits you but does no damage.
Your Armour skill increases to level 5!
You hit the gnoll. You drain the gnoll.
The gnoll is moderately wounded.
The gnoll hits you with a +2 flail of holy wrath.
The ogre hits you but does no damage.
You barely miss the gnoll.
The gnoll is moderately wounded.
The ogre hits you with a +0 giant club!!
* * * LOW HITPOINT WARNING * * *
You block the ogre's attack. The phantom barely misses you.
You climb upwards.
There is a stone staircase leading down here.
You hit the phantom.
The phantom is lightly damaged.
You block the phantom's attack. The ogre hits you with a +0 giant club!
You die...

#.# #..# #...... #.#
#..# #.##### #.# #..#
#.# #.#
#..########.##### #.#
#..#.....#....... #.#
#....###...#.###. #.#
#....# #.#...# #.
#.####...###..#.####.
#..O@W.#.....###.....
##########.##.#.####.
#.###.## ## #.###.#
#.....# #######


You could see a phantom and an ogre.

Vanquished Creatures
  Edmund (D:4)
  2 necrophages (D:3)
  A hound (D:4)
  A gnoll (D:4)
  4 adders
  2 worms (D:2)
  2 dart slugs
  6 orcs
  4 bats
  5 endoplasms
  15 giant cockroaches
  3 hobgoblins
  3 jackals (D:2)
  2 quokkas
  6 ball pythons
  3 frilled lizards
  6 goblins
  3 kobolds (D:1)
  5 rats
74 creatures vanquished.

Notes
Turn   | Place    | Note
-------+----------+-------------------------------------------
     0 | D:1      | omarspendo the Hill Orc Fighter began the quest for the
                  | Orb.
     0 | D:1      | Reached XP level 1. HP: 19/19 MP: 1/1
   210 | D:1      | Found a faded altar of an unknown god.
   397 | D:1      | Reached XP level 2. HP: 26/27 MP: 2/2
  1263 | D:2      | Reached XP level 3. HP: 32/33 MP: 3/3
  2097 | D:2      | Reached XP level 4. HP: 33/40 MP: 4/4
  3377 | D:3      | Noticed a necrophage
  3387 | D:3      | Killed a necrophage
  3388 | D:3      | Reached XP level 5. HP: 23/46 MP: 5/5
  3869 | D:3      | Found a shimmering altar of Xom.
  4296 | D:3      | Found a radiant altar of Vehumet.
  4307 | D:3      | Noticed a necrophage
  4314 | D:3      | Killed a necrophage
  4315 | D:3      | Reached skill level 5 in Axes
  4315 | D:3      | Reached XP level 6. HP: 53/53 MP: 6/6
  4907 | D:4      | Noticed Edmund
  4922 | D:4      | Killed Edmund
  4923 | D:4      | Reached skill level 5 in Shields
  5065 | D:4      | Reached XP level 7. HP: 52/57 MP: 7/7
  5587 | D:4      | Reached skill level 5 in Armour
  5588 | D:4      | HP: 1/58 [ogre (21)]
  5591 | D:3      | Mangled by an ogre

Illustrated notes

Levels and vault maps discovered:
D:1:      minmay_arrival_five_plusses, layout_basic,
          chequers_ecumenical_altar_simple_redux
D:2:      layout_basic, dk_noncrumbling_2
D:3:      minmay_roachtagon, layout_loops_ring, vehumet_crystals,
          mainiacjoe_overflow_brackets
D:4:      layout_rooms, uniq_ijyb, uniq_crazy_yiuf_cottage, uniq_edmund

Skill      XL: |  1  2  3  4  5  6  7 |
---------------+----------------------+-----
Axes           | 3 4 5 |  5.9
Fighting       | 4 |  4.7
Armour         | 4 5 |  5.0
Shields        | 4 5 |  5.1
Maces & Flails | |  0.1
Dodging        | |  0.3
Stealth        | |  0.1

Action                   |  1- 3 |  4- 6 |  7- 9 || total
-------------------------+-------+-------+-------++-------
Melee: War axe           |   109 |   140 |       ||   249
       Flail             |       |    16 |    13 ||    29
Throw: Stone             |       |     1 |       ||     1
  Use: Potion            |       |     2 |       ||     2
       Scroll            |       |     1 |       ||     1
Armor: Scale mail        |    20 |       |       ||    20
       Plate armour      |    45 |    95 |     4 ||   144
Dodge: Dodged            |    18 |    26 |     2 ||    46
Block: Kite shield       |    71 |   105 |     8 ||   184
